 Dungeon Crawl Stone Soup version 0.29.0-7-g18a832c13a (webtiles) character file.

Game seed: 3151241075341998240

743 ImASeal the Cleaver (level 7, -11/53 (57) HPs)
             Began as a Hill Orc Fighter on Aug 31, 2022.
             Was an Initiate of Makhleb.
             Mangled by an ogre
             ... wielding a +0 giant club
              (23 damage)
             ... on level 5 of the Dungeon.
             The game lasted 00:12:01 (4974 turns).

ImASeal the Cleaver (Hill Orc Fighter)              Turns: 4974, Time: 00:12:01

HP:   -11/53 (57)   AC: 14    Str: 21    XL:     7   Next: 76%
MP:   7/7           EV:  5    Int:  8    God:    Makhleb [......]
Gold: 194           SH: 10    Dex: 16    Spells: 6/6 levels left

rFire   . . .      SeeInvis .   a - +0 war axe
rCold   . . .      Faith    .   c - +0 buckler
rNeg    . . .      Spirit   .   l - +0 plate armour
rPois   +          Reflect  +   (no helmet)
rElec   .          Harm     .   o - +2 cloak
rCorr   .          Rampage  .   (no gloves)
Will    .....                   (no boots)
Stlth   ..........              x - amulet of reflection
HPRegen 0.17/turn               q - ring of poison resistance
MPRegen 0.10/turn               u - +6 ring of dexterity

@: drained
A: no striking features
a: Renounce Religion


You were on level 5 of the Dungeon.
You worshipped Makhleb.
Makhleb was noncommittal.
You visited 1 branch of the dungeon, and saw 5 of its levels.

You collected 194 gold pieces.

Inventory:

Hand Weapons
 a - a +0 war axe (weapon)
Missiles
 D - 2 poisoned darts
Armour
 b - a +0 scale mail
 c - a +0 buckler (worn)
 l - a +0 plate armour (worn)
 o - a +2 cloak (worn)
 B - a +0 leather armour of poison resistance
Jewellery
 j - an amulet of magic regeneration
 q - a ring of poison resistance (left hand)
 u - a +6 ring of dexterity (right hand)
 x - an amulet of reflection (around neck)
 C - a ring of magical power
Wands
 A - a wand of polymorph (14) (quivered)
Scrolls
 f - 2 scrolls of blinking
 g - 3 scrolls of teleportation
 h - 2 scrolls of butterflies {unknown}
 i - a scroll of vulnerability {unknown}
 k - 3 scrolls of enchant armour {unknown}
 m - 2 scrolls of immolation {unknown}
 s - 2 scrolls of noise {unknown}
 t - a scroll of fear {unknown}
 w - 4 scrolls of identify {unknown}
 y - a scroll of torment {unknown}
 z - a scroll of poison {unknown}
Potions
 d - 3 potions of might
 e - 3 potions of curing
 n - a potion of berserk rage {unknown}
 p - a potion of heal wounds {unknown}
 r - 2 potions of flight {unknown}
 v - 2 potions of lignification {unknown}
 E - a potion of cancellation {unknown}


   Skills:
 - Level 3.6 Fighting
 + Level 11.1 Axes
 - Level 3.2 Armour
 - Level 3.2 Shields
 - Level 0.4 Evocations


You had 6 spell levels left.
You didn't know any spells.
Your spell library contained the following spells:

 Spells                   Type           Power      Damage    Failure   Level
 Sandblast                Erth           0%         2d4       100%        1
 Summon Small Mammal      Summ           0%         N/A       100%        1
 Blink                    Tloc           0%         N/A       100%        2
 Passwall                 Tmut/Erth      0%         N/A       100%        2
 Call Canine Familiar     Summ           0%         N/A       100%        3
 Lesser Beckoning         Tloc           0%         N/A       100%        3
 Stone Arrow              Conj/Erth      0%         3d7       100%        3
 Summon Guardian Golem    Hex/Summ       0%         N/A       100%        3
 Manifold Assault         Tloc           0%         N/A       100%        5


Dungeon Overview and Level Annotations

Branches:
Dungeon (5/15)
 Temple: D:4-7

Altars:
Dithmenos
Makhleb
Okawaru
Vehumet

Annotations:
D:4 Grinder


Message History

a +0 trident; an orc corpse You now have 184 gold pieces (gained 15).
x - an amulet of reflection
E - a brown potion You now have 194 gold pieces (gained 10).
Found a stone staircase leading down.
You start putting on your amulet.
You continue putting on your amulet of reflection. x5
You finish putting on your amulet of reflection.
You feel a shielding aura gather around you.
x - an amulet of reflection (around neck)
You open the door.
There is an open door here.
d - 3 potions of might (gained 1)
You open the door.
There is an open door here.
You open the door.
An ogre comes into view. It is wielding a +0 giant club.
The ogre shouts!
Found 5 gold pieces.
Found a spear.
There is an open door here.
Found 5 stones.
The ogre hits you but does no damage.
You barely miss the ogre. You slash the ogre!
The ogre is moderately wounded.
You block the ogre's attack.
You barely miss the ogre.
The ogre is moderately wounded.
The ogre hits you with a +0 giant club!
You slash the ogre!
The ogre is severely wounded.
You hit the ogre but do no damage.
The ogre is severely wounded.
The ogre hits you with a +0 giant club!!
Ouch! That really hurt!
* * * LOW HITPOINT WARNING * * *
The ogre attacks as you move away!
The ogre hits you with a +0 giant club!!
You die...

######'#...# ###
#..........#
#..........#
#..........#
#.......#'##
#.......#..##
#.......##..#
###########'#####...
#..@.......
#...O..)...
#..........
#..........
......##... #......#
.. .......# .
..(###+##


You could see an ogre.

Vanquished Creatures
  A water moccasin (D:3)
  Duvessa (D:4)
  2 ogres (D:4)
  A centaur (D:4)
  Dowan (D:4)
  An iguana (D:4)
  3 orc wizards
  A statue (D:3)
  2 adders (D:3)
  3 worms (D:3)
  3 orcs
  6 ball pythons
  6 bats
  5 endoplasms
  6 giant cockroaches
  7 goblins
  6 hobgoblins
  7 jackals
  3 kobolds
  7 quokkas
  2 frilled lizards
  2 rats
76 creatures vanquished.

Vanquished Creatures (others)
  An orc wizard (D:5)
1 creature vanquished.

Grand Total: 77 creatures vanquished

Notes
Turn   | Place    | Note
-------+----------+-------------------------------------------
     0 | D:1      | ImASeal the Hill Orc Fighter began the quest for the Orb.
     0 | D:1      | Reached XP level 1. HP: 19/19 MP: 1/1
    84 | D:1      | Reached skill level 3 in Axes
   295 | D:1      | Reached XP level 2. HP: 26/26 MP: 2/2
   573 | D:1      | Reached skill level 4 in Axes
   666 | D:1      | Found a faded altar of an unknown god.
  1006 | D:2      | Reached XP level 3. HP: 30/31 MP: 3/3
  1298 | D:2      | Reached skill level 5 in Axes
  1854 | D:3      | Found a radiant altar of Vehumet.
  1854 | D:3      | Noticed a frost-covered statue
  1869 | D:3      | Killed a frost-covered statue
  1870 | D:3      | Reached XP level 4. HP: 27/39 MP: 4/4
  2001 | D:3      | Reached skill level 6 in Axes
  2733 | D:3      | Noticed a water moccasin
  2747 | D:3      | Killed a water moccasin
  2748 | D:3      | Reached skill level 7 in Axes
  2748 | D:3      | Reached XP level 5. HP: 32/45 MP: 5/5
  2751 | D:3      | Found a shadowy altar of Dithmenos.
  2863 | D:3      | Found an iron altar of Okawaru.
  2967 | D:4      | Found a burning altar of Makhleb.
  2970 | D:4      | Became a worshipper of Makhleb the Destroyer
  3118 | D:4      | Reached skill level 8 in Axes
  3124 | D:4      | Reached XP level 6. HP: 42/51 MP: 6/6
  3521 | D:4      | Reached skill level 9 in Axes
  3693 | D:4      | Reached XP level 7. HP: 51/57 MP: 7/7
  3766 | D:4      | Reached skill level 10 in Axes
  4035 | D:4      | Noticed Duvessa
  4035 | D:4      | Noticed Dowan
  4084 | D:4      | Killed Duvessa
  4095 | D:4      | Killed Dowan
  4353 | D:4      | Noticed Grinder
  4355 | D:4      | Noticed Grinder
  4355 | D:4      | Grinder changed into Grinder the hellwing
  4871 | D:5      | Entered Level 5 of the Dungeon
  4903 | D:5      | Reached skill level 11 in Axes
  4974 | D:5      | Mangled by an ogre

Illustrated notes

Levels and vault maps discovered:
D:1:      lemuel_arrival_behind_the_door_small, layout_loops_ring,
          chequers_ecumenical_altar_grove
D:2:      layout_basic
D:3:      kennysheep_big_flooded_room, layout_basic, vehumet_statue,
          amethyst_overflow_temple_binary
D:4:      layout_layer_cave, lightli_temple_of_fire, uniq_grinder, uniq_duvessa
D:5:      layout_basic, pdpol_wu_jian_five_deadly_venoms

Skill      XL: |  1  2  3  4  5  6  7 |
---------------+----------------------+-----
Axes           | 3 4 5 7 8 9 11 | 11.1
Fighting       | |  3.6
Armour         | |  3.2
Shields        | |  3.2
Evocations     | |  0.4

Action                   |  1- 3 |  4- 6 |  7- 9 || total
-------------------------+-------+-------+-------++-------
Melee: War axe           |   110 |    97 |    60 ||   267
Throw: Dart              |     2 |     2 |     2 ||     6
       Throwing net      |       |       |     1 ||     1
Evoke: Wand              |       |     1 |     2 ||     3
  Use: Scroll            |       |     3 |     2 ||     5
       Potion            |       |     1 |       ||     1
Armor: Scale mail        |    45 |       |       ||    45
       Plate armour      |    23 |    78 |    30 ||   131
Dodge: Dodged            |    42 |    19 |    10 ||    71
Block: Buckler           |    32 |    27 |    19 ||    78
